 Dungeon Crawl Stone Soup version 0.32-a0-643-ga006e77 (webtiles) character file.

Game seed: 9973517837409482565

707812 DoomDiver the Swordmaster (level 27, -1/249 HPs)
             Began as a Coglin Gladiator on Mar 7, 2024.
             Was the Champion of the Shining One.
             Slain by a tainted leviathan (10 damage)
             ... on level 7 of Tartarus.
             The game lasted 02:35:09 (70163 turns).

DoomDiver the Swordmaster (Coglin Gladiator)       Turns: 70163, Time: 02:35:09

Health: -1/249     AC: 39    Str: 21    XL:     27
Magic:  32/35      EV: 25    Int:  6    God:    the Shining One [******]
Gold:   3351       SH:  0    Dex: 37    Spells: 24/26 levels left

rFire   + + .        a - +8 double sword of Lies {flame, Str+2 Dex+4 SInv Stlth+}
rCold   + + .        f - +9 eudemon blade (holy) {Zorana}
rNeg    + + +        e - +12 gold dragon scales
rPois   +            w - +0 helmet {SInv}
rElec   +            k - scarf {rC+ rF+}
rCorr   +            o - +1 pair of gloves of Ekinogha {rN+ Stlth+}
SInv    +            B - +0 pair of boots of the Cobbler {rCorr Str+3 Dex+3}
Will    +....        (amulet unavailable) Stlth
                     (ring unavailable)
HPRegen 1.41/turn    (ring unavailable)
MPRegen 0.64/turn    E - automatic whirligig {rElec Regen+ RegenMP+ Slay+3}

%: no passive effects
@: lethally poisoned (-1 -> -4), mesmerised, slowed, glowing, studying 4 skills,
weak-willed, revved, very slow
A: off-hand wielding, slow wielding, warmup strikes, no jewellery, iridescent
scales 1, agile 1, dopey 1
}: 5/15 runes: serpentine, barnacled, slimy, silver, abyssal
a: Renounce Religion, Divine Shield, Cleansing Flame, Summon Divine Warrior


You were on level 7 of Tartarus.
You worshipped the Shining One.
The Shining One was exalted by your worship.
You visited 15 branches of the dungeon, and saw 65 of its levels.
You visited the Abyss 3 times.
You visited 2 bazaars.
You also visited: Ice Cave, Volcano and Wizlab.

You collected 8975 gold pieces.
You spent 5624 gold pieces at shops.

Inventory:

Hand Weapons
 a - the +8 double sword of Lies (weapon) {flame, Str+2 Dex+4 SInv Stlth+}
   (Okawaru gifted it to you on level 4 of the Lair of Beasts)

   Str+2:     It affects your strength (+2).
   Dex+4:     It affects your dexterity (+4).
   SInv:      It lets you see invisible.
   Stlth+:    It makes you more stealthy.
 f - a +9 eudemon blade of holy wrath (offhand) {Zorana}
Missiles
 d - 4 throwing nets
 m - 17 silver javelins
 n - 16 atropa-tipped darts (quivered)
 C - 3 datura-tipped darts
 I - 31 curare-tipped darts
 N - 40 javelins
Armour
 c - the +2 faerie dragon scales {rC+ rCorr Dex+3 Slay+3}
   (You took it off the Enchantress on level 2 of the Depths)

   Dex+3:     It affects your dexterity (+3).
   Slay+3:    It affects your accuracy & damage with ranged weapons and melee
   (+3).
   rC+:       It protects you from cold.
   rCorr:     It protects you from acid and corrosion.
 e - +12 gold dragon scales (worn)
 k - a scarf of resistance (worn)
 o - the +1 pair of gloves of Ekinogha (worn) {rN+ Stlth+}
   (You bought it in a shop in a bazaar)

   rN+:       It protects you from negative energy.
   Stlth+:    It makes you more stealthy.
 w - a +0 helmet of see invisible (worn)
 B - the +0 pair of boots of the Cobbler (worn) {rCorr Str+3 Dex+3}
   (You found it on level 2 of the Shoals)

   Str+3:     It affects your strength (+3).
   Dex+3:     It affects your dexterity (+3).
   rCorr:     It protects you from acid and corrosion.
 F - the +1 cloak "Atabb" {Fly}
   (You found it on level 2 of the Vaults)

   Fly:       It grants you flight.
Gizmo
 E - an automatic whirligig (installed) {rElec Regen+ RegenMP+ Slay+3}
   (You invented it yourself on level 12 of the Dungeon)

   [automatic whirligig]

   Slay+3:    It affects your accuracy & damage with ranged weapons and melee
   (+3).
   rElec:     It insulates you from electricity.
   Regen+:    It increases your rate of health regeneration.
   RegenMP+:  It increases your rate of magic regeneration.
Wands
 i - a wand of digging (10)
 y - a wand of quicksilver (24)
Scrolls
 g - 7 scrolls of fear
 p - 10 scrolls of immolation
 r - 10 scrolls of enchant weapon
 s - 6 scrolls of poison
 u - 6 scrolls of amnesia
 v - 3 scrolls of blinking
 x - 8 scrolls of teleportation
 L - 4 scrolls of silence
 P - 4 scrolls of brand weapon
 R - 7 scrolls of fog
 U - 3 scrolls of enchant armour
 W - 7 scrolls of revelation
Potions
 h - 10 potions of enlightenment
 j - 7 potions of heal wounds
 l - 24 potions of curing
 q - 7 potions of mutation
 t - 7 potions of cancellation
 D - 8 potions of resistance
 H - 10 potions of attraction
 K - 9 potions of haste
 O - 15 potions of lignification
 Q - 10 potions of brilliance
 S - 4 potions of might
 T - 5 potions of berserk rage
 X - 2 potions of ambrosia
 Z - a potion of magic


   Skills:
 O Level 27 Fighting
 O Level 27 Long Blades
 - Level 1.7 Throwing
 + Level 13.5 Armour
 * Level 26.7 Dodging
 * Level 17.7 Invocations


You had 24 spell levels left.
You knew the following spells:

 Your Spells              Type           Power      Damage    Failure   Level
a - Blink                 Tloc           0%         N/A       100%        2

Your spell library contained the following spells:

 Spells                   Type           Power      Damage    Failure   Level
 Apportation              Tloc           0%         N/A       100%        1
 Freeze                   Ice            0%         1d3       100%        1
 Kiss of Death            Conj/Necr      0%         2d5       100%        1
 Magic Dart               Conj           0%         1d3       100%        1
 Necrotise                Necr           0%         1d4       100%        1
 Sandblast                Erth           0%         2d4       100%        1
 Shock                    Conj/Air       0%         1d3       100%        1
 Slow                     Hex            0%         N/A       100%        1
 Sting                    Conj/Alch      0%         1d3       100%        1
 Summon Small Mammal      Summ           0%         N/A       100%        1
 Call Imp                 Summ           0%         N/A       100%        2
 Cigotuvi's Dreadful Rot  Necr/Alch/Air  0%         N/A       100%        2
 Ensorcelled Hibernation  Hex/Ice        0%         N/A       100%        2
 Jinxbite                 Hex            0%         N/A       100%        2
 Searing Ray              Conj           0%         2d4       100%        2
 Static Discharge         Conj/Air       0%         3-3/arc   100%        2
 Sublimation of Blood     Necr           0%         N/A       100%        2
 Call Canine Familiar     Summ           0%         N/A       100%        3
 Confusing Touch          Hex            0%         N/A       100%        3
 Dazzling Flash           Conj/Hex       0%         N/A       100%        3
 Frozen Ramparts          Ice            0%         1d1       100%        3
 Fugue of the Fallen      Necr           0%         N/A       100%        3
 Gell's Gravitas          Tloc           0%         N/A       100%        3
 Hailstorm                Conj/Ice       0%         3d5       100%        3
 Inner Flame              Hex/Fire       0%         N/A       100%        3
 Mephitic Cloud           Conj/Alch/Air  0%         N/A       100%        3
 Ozocubu's Armour         Ice            0%         N/A       100%        3
 Passwall                 Erth           0%         N/A       100%        3
 Sigil of Binding         Hex            0%         N/A       100%        3
 Stone Arrow              Conj/Erth      0%         3d7       100%        3
 Summon Ice Beast         Ice/Summ       0%         N/A       100%        3
 Swiftness                Air            0%         N/A       100%        3
 Teleport Other           Tloc           0%         N/A       100%        3
 Vampiric Draining        Necr           0%         2d6       100%        3
 Volatile Blastmotes      Fire/Tloc      0%         2d10      100%        3
 Airstrike                Air            0%         2d(0-16)  100%        4
 Anguish                  Hex/Necr       0%         N/A       100%        4
 Animate Armour           Summ/Erth      0%         N/A       100%        4
 Brom's Barrelling Bould  Conj/Erth      0%         2d3       100%        4
 Cause Fear               Hex            0%         N/A       100%        4
 Dimensional Bullseye     Hex/Tloc       0%         N/A       100%        4
 Dispel Undead            Necr           0%         3d6       100%        4
 Flame Wave               Conj/Fire      0%         2d4       100%        4
 Fulminant Prism          Conj/Alch      0%         3d5       100%        4
 Ignite Poison            Fire/Alch      0%         N/A       100%        4
 Iskenderun's Mystic Bla  Conj/Tloc      0%         2d3       100%        4
 Leda's Liquefaction      Alch/Erth      0%         N/A       100%        4
 Manifold Assault         Tloc           0%         N/A       100%        4
 Martyr's Knell           Necr/Summ      0%         N/A       100%        4
 Passage of Golubria      Tloc           0%         N/A       100%        4
 Petrify                  Alch/Erth      0%         N/A       100%        4
 Sticky Flame             Fire/Alch      0%         2d4       100%        4
 Summon Lightning Spire   Summ/Air       0%         N/A       100%        4
 Vhi's Electric Charge    Tloc/Air       0%         N/A       100%        4
 Arcjolt                  Conj/Air       0%         1d10      100%        5
 Borgnjor's Vile Clutch   Necr/Erth      0%         N/A       100%        5
 Curse of Agony           Necr           0%         N/A       100%        5
 Fireball                 Conj/Fire      0%         3d3       100%        5
 Irradiate                Conj/Alch      0%         3d11      100%        5
 Iskenderun's Battlesphe  Conj           0%         2d6       100%        5
 Lee's Rapid Deconstruct  Erth           0%         3d4*      100%        5
 Metabolic Englaciation   Hex/Ice        0%         N/A       100%        5
 Silence                  Hex/Air        0%         N/A       100%        5
 Yara's Violent Unravell  Hex/Alch       0%         3d3       100%        5
 Conjure Ball Lightning   Conj/Air       0%         3x3d6     100%        6
 Death Channel            Necr           0%         N/A       100%        6
 Dispersal                Tloc           0%         N/A       100%        6
 Eringya's Noxious Bog    Alch           0%         4d6       100%        6
 Plasma Beam              Fire/Air       0%         2x1d10    100%        6
 Sculpt Simulacrum        Ice/Alch       0%         N/A       100%        6
 Starburst                Conj/Fire      0%         6d3       100%        6
 Enfeeble                 Hex            0%         N/A       100%        7
 Haunt                    Necr/Summ      0%         N/A       100%        7
 Orb of Destruction       Conj           0%         9d5       100%        7
 Ozocubu's Refrigeration  Ice            0%         4d7       100%        7
 Spellforged Servitor     Conj/Summ      0%         N/A       100%        7
 Borgnjor's Revivificati  Necr           0%         N/A       100%        8
 Discord                  Hex            0%         N/A       100%        8
 Disjunction              Tloc           0%         N/A       100%        8
 Ignition                 Fire           0%         3d3       100%        8
 Lehudib's Crystal Spear  Conj/Erth      0%         10d2      100%        8
 Maxwell's Capacitive Co  Air            0%         ∞         100%        8
 Death's Door             Necr           0%         N/A       100%        9


Dungeon Overview and Level Annotations

Branches:
Dungeon (15/15) Zot: 23305  Temple (1/1) D:7 Zot: 5998    Lair (5/5) D:8 Zot: 25164
 Shoals (4/4) Lair:3 Zot: 19937   Snake (4/4) Lair:3 Zot: 19966   Slime (5/5) Lair:4 Zot: 25026
    Orc (2/2) D:11 Zot: 9108     Elf (3/3) Orc:2 Zot: 14736  Vaults (5/5) D:13 Zot: 22677
  Crypt (3/3) Vaults:2 Zot: 15114    Tomb (0/3) Crypt:3      Depths (4/4) D:15 Zot: 19362
   Hell (visited)             Dis (1/7) Hell Zot: 26961     Geh (0/7) Hell
    Coc (0/7) Hell            Tar (7/7) Hell Zot: 26961     Zot (5/5) Depths:4 Zot: 23303
  IceCv (visited)         Volcano (visited)          WizLab (visited)

Altars:
Ashenzari
Cheibriados
Dithmenos
Elyvilon
Fedhas
Gozag
Hepliaklqana
Kikubaaqudgha
Makhleb
Nemelex Xobeh
Okawaru
Qazlal
Ru
Sif Muna
Trog
Uskayaw
Vehumet
Wu Jian
Xom
Yredelemnul
Zin
The Shining One
Jiyva

Shops:
D:10 *   D:13 (   D:15 *   Orc:1 :   Orc:2 [(**   Elf:1 [   Elf:2 (?   Elf:3 (
Shoals:4 ?   Snake:2 =   Vaults:2 [*(:?   Vaults:4 ?   Depths:1 *:=:
Depths:2 (*   Depths:4 =

Portals:
Hell: Depths:1 Depths:2 Depths:3 Depths:4
Abyss: Depths:1 Depths:3 Depths:4
Pandemonium: Depths:2 Depths:3
Ziggurat: Depths:4


Innate Abilities, Weirdness & Mutations

You can wield a second weapon in your off-hand.
It takes a long time for you to wield or remove held weapons.
Your first few attacks do less damage.
You cannot equip rings or amulets.
You are partially covered in iridescent scales. (AC +2)
You are agile. (Dex +4, Str/Int -1)
You are dopey. (Int -2)


Message History

The tainted leviathan writhes in agony!
The tainted leviathan is lightly damaged.
The golden flame engulfs the tainted leviathan!!
The tainted leviathan writhes in agony!
The tainted leviathan is severely damaged.
The golden flame engulfs the shadow wraith!!!
The shadow wraith writhes in agony!
You destroy the shadow wraith!
The Shining One accepts your kill.
You feel better.
* * * LOW HITPOINT WARNING * * *
You feel extremely sick.
You hear a bark!
You hear a chilling moan. x2
The hellion hits you but does no damage.
The hellion completely misses you.
The shadow wraith hits you but does no damage.
The tainted leviathan hits you but does no damage.
The tainted leviathan hits you.
* * * LOW HITPOINT WARNING * * *
The tainted leviathan misses you.
The tainted leviathan closely misses you.
You take 9 HP, and have [5/249] HP; You lose 4MP, and have [31/35] MP
Okay, then.
You feel much better.
You are engulfed in dark miasma.
* * * LOW HITPOINT WARNING * * *
You feel very sick. The hellion misses you.
The tainted leviathan completely misses you.
The tainted leviathan barely misses you.
The shadow wraith completely misses you.
The tainted leviathan hits you!
* * * LOW HITPOINT WARNING * * *
The tainted leviathan misses you.
The hellion hits you but does no damage.
The shadow wraith hits you but does no damage.
The tainted leviathan hits you but does no damage.
The tainted leviathan hits you.
* * * LOW HITPOINT WARNING * * *
The tainted leviathan hits you!
You die...

..... #.....#
##......#
###.......#
#######.........#
................#
.....°W°........#
....○°C@☼.......#
.....°2C§.......#
......°○○.(.....#
...........(..∩.#
..........(.....#
#################


You could see 2 tainted leviathans, a shadow wraith (invisible) and a hellion.

Vanquished Creatures
  the Royal Jelly (Slime:5)
  5 dread liches
  4 ancient liches
  4 orbs of fire
  Mara (Depths:3)
  The ghost of Ray the Axe Maniac, a legendary MiFi of Beogh (Zot:5)
  2 juggernauts
  Xtahua (Crypt:1)
  Sojobo (Crypt:2)
  Josephina (Depths:2)
  Saint Roka (Arena)
  9 Killer Klowns
  The ghost of Jachav the Sorcerer, a veteran DECj of Vehumet (Vaults:3)
  2 curse toes
  A caustic shrike (Depths:2)
  Margery (D:15)
  12 golden dragons
  3 profane servitors
  Geryon (Hell)
  the Enchantress (Depths:2)
  Nikola (Depths:1)
  14 bone dragons
  10 doom hounds
  5 electric golems
  5 Tzitzimimeh
  A hellephant (Depths:1)
  14 tentacled monstrosities
  Mlioglotl (Snake:4)
  Jorgrun (Snake:2)
  12 titans
  25 Orb Guardians
  8 tainted leviathans
  4 liches
  5 deep elf blademasters
  10 quicksilver dragons
  A walking frostbound tome (Depths:2)
  5 sphinxes
  7 deep elf master archers
  3 tentacled starspawn (Abyss:3)
  22 acid blobs
  12 death cobs
  2 krakens
  Polyphemus (Shoals:2)
  7 ancient champions
  2 thorn hunters
  7 tengu reavers
  10 shadow dragons
  Frances (D:13)
  21 storm dragons
  2 revenants
  17 azure jellies
  Ilsuiw (Arena)
  12 frost giants
  17 rockslimes
  2 daevas (Depths:4)
  6 draconian knights
  10 draconian monks
  4 nagarajas (Snake:4)
  3 fenstrider witches (WizLab)
  5 protean progenitors (Zot:4)
  7 deep elf sorcerers
  4 iron dragons
  18 fire giants
  3 ghost moths (Zot:3)
  20 vault wardens
  3 balrugs
  2 deep elf elementalists (Elf:3)
  5 draconian scorchers
  A curse skull (Crypt:2)
  A juggernaut zombie (Crypt:3)
  A spectral caustic shrike (Tar:3)
  9 draconian shifters
  6 orc warlords
  Louise (Elf:1)
  4 draconian annihilators
  2 spectral juggernauts
  4 draconian stormcallers
  13 very ugly things
  7 ghouls
  21 ironbound preservers
  An angel (Abyss:3)
  12 reapers
  11 quicksilver oozes
  2 ophanim (Abyss:3)
  7 formless jellyfish
  9 spriggan defenders
  2 juggernaut skeletons
  25 stone giants
  3 ironbound thunderhulks
  4 vampire knights
  The ghost of Disoufrejy the Cleaver, a journeyman MiFi of Cheibriados (Lair:4)
  13 deep elf death magi
  2 eleionomae (WizLab)
  15 green draconians
  8 deep elf demonologists
  7 putrid mouths
  13 black draconians
  6 dire elephants
  10 white draconians
  3 war gargoyles
  19 yellow draconians
  13 purple draconians
  6 deep elf annihilators
  5 spark wasps
  12 red draconians
  The ghost of tls9540 the Carver, a journeyman CoBe of Trog (D:11)
  An iron golem (Hell)
  3 merfolk javelineers
  10 ettins
  A blizzard demon (Depths:1)
  4 eidola
  A spectral quicksilver dragon (Tar:3)
  Snorg (D:12)
  11 jiangshi
  3 shambling mangroves (WizLab)
  3 deep elf high priests (Elf:3)
  A kraken zombie (Hell)
  9 fire dragons
  9 merfolk impalers
  2 spectral spriggans
  12 hydras
  13 yaktaur captains
  Erolcha (Arena)
  36 vault guards
  2 spriggan skeletons
  2 rakshasas
  An Orb Guardian zombie (Crypt:3)
  7 great orbs of eyes
  3 entropy weavers
  A spark wasp (shapeshifter) (Vaults:5)
  12 ironbound frosthearts
  3 ogre magi
  A juggernaut simulacrum (Hell)
  7 ice dragons
  5 anacondas
  A merfolk aquamancer (Shoals:4)
  2 salamander tyrants
  An alligator (Snake:3)
  3 alligator snapping turtles
  5 catoblepae
  5 spriggan air magi
  13 centaur warriors
  A hell beast (Depths:3)
  2 merfolk avatars (Shoals:3)
  7 satyrs
  33 dancing weapons
  9 two-headed ogres
  3 boulder beetles
  A demonic crawler (Depths:1)
  8 deep troll shamans
  10 death yaks
  2 two-headed ogres (shapeshifter) (Vaults:5)
  A sphinx skeleton (Crypt:2)
  A titan zombie (Hell)
  3 thrashing horrors (Abyss:3)
  3 tengu warriors
  4 naga warriors
  9 shock serpents
  7 deep troll earth magi
  4 occultists
  A quicksilver ooze zombie (Crypt:1)
  9 vampire magi
  7 soul eaters
  2 spectral dire elephants
  6 sun demons (Hell)
  The ghost of tlatlagkaus the Unseen, a journeyman SpEn of Dithmenos (Orc:1)
  Sonja (Lair:4)
  2 spriggan berserkers
  3 spectral nagas
  30 hell knights
  8 orc high priests
  17 naga sharpshooters
  2 wretched stars (Abyss:3)
  7 skysharks
  24 deep elf knights
  8 iron trolls
  9 shadow wraiths
  A sixfirhy (Depths:3)
  Lodul (D:12)
  A spectral minotaur (Tar:1)
  18 skeletal warriors
  2 cherubim (Abyss:3)
  A goliath frog (Snake:3)
  A golden dragon zombie (Depths:1)
  A bunyip zombie (Hell)
  A salamander mystic (Snake:3)
  38 deep trolls
  A sea snake (shapeshifter) (Depths:3)
  5 bog bodies
  A spectral anaconda (Tar:1)
  4 swamp dragons (Snake:3)
  3 naga ritualists
  3 mana vipers
  18 deep elf archers
  2 deep trolls (shapeshifter)
  25 harpies
  An iron giant zombie (Crypt:2)
  4 flayed ghosts
  2 glowing orange brains
  19 ironbound convokers
  12 sea snakes
  4 arcanists
  2 starcursed masses (Abyss:3)
  An orb spider (shapeshifter) (Elf:2)
  11 necromancers
  A golden dragon skeleton (Hell)
  2 tengu zombies
  4 lindwurms
  2 alligator zombies (Hell)
  12 phantasmal warriors
  A thermic dynamo (Elf:1)
  29 deep elf zephyrmancers
  7 shining eyes
  29 deep elf pyromancers
  25 fauns
  9 salamanders
  23 orc knights
  6 orc sorcerers
  A shadow dragon skeleton (Depths:1)
  20 ugly things
  A faun (shapeshifter) (Vaults:5)
  24 manticores
  An oklob plant (WizLab)
  A will-o-the-wisp (Abyss:3)
  2 rust devils (Hell)
  A frost giant skeleton (Vaults:5)
  A meliai (shapeshifter) (D:15)
  27 moths of wrath
  5 toenail golems (Volcano)
  26 black mambas
  A spectral centaur (Tar:2)
  10 merfolk sirens
  3 cyclopes
  2 centaur zombies (D:11)
  10 elephants (Lair:5)
  4 guardian serpents
  7 naga magi
  8 smoke demons
  A titan simulacrum (Depths:2)
  4 water nymphs
  An alligator snapping turtle zombie (Hell)
  A dire elephant skeleton (Crypt:3)
  An eye of devastation (shapeshifter) (Vaults:5)
  17 vault sentinels
  4 large abominations (Abyss:3)
  3 eyes of devastation
  2 ice statues (IceCv)
  4 centaur skeletons
  An orange demon (Abyss:3)
  12 cane toads
  3 gargoyles
  3 molten gargoyles
  2 sea snake zombies (Hell)
  10 hellions
  A mana viper skeleton (Crypt:1)
  A storm dragon simulacrum (Depths:1)
  4 torpor snails
  An efreet (D:15)
  5 komodo dragons
  12 tormentors
  3 kobold demonologists (D:10)
  6 rime drakes
  3 freezing wraiths
  30 yaktaurs
  4 anaconda simulacra (IceCv)
  9 ice devils
  A guardian mummy (Crypt:3)
  2 red devils (Hell)
  A death yak skeleton (Crypt:3)
  A queen bee (D:11)
  2 hydra zombies (Hell)
  An orb spider zombie (Crypt:1)
  2 tengu conjurers (Depths:4)
  2 silent spectres
  7 polar bears
  25 merfolk
  7 wind drakes
  3 spectral harpies
  3 tyrant leeches
  8 trolls
  3 glass eyes
  A polar bear (shapeshifter) (Elf:1)
  16 hornets
  5 raiju (Abyss:3)
  6 dream sheep
  19 blink frogs
  An ettin zombie (Vaults:5)
  A draconian simulacrum (Hell)
  A fire giant simulacrum (Depths:2)
  18 snapping turtles
  58 slime creatures
  11 water elementals
  A harpy (shapeshifter) (Vaults:5)
  3 air elementals
  A centaur simulacrum (D:11)
  A slime creature (shapeshifter) (Vaults:3)
  An ettin skeleton (Vaults:5)
  A wraith (Crypt:3)
  11 spriggans
  2 shadows
  6 fire elementals
  A vampire (D:11)
  4 wyverns
  4 basilisks
  A basilisk (shapeshifter) (D:13)
  3 steam dragons
  2 spriggan simulacra (Depths:2)
  66 yaks
  9 humans
  13 golden eyes
  7 neqoxecs
  13 wargs
  9 vampire mosquitoes
  A glowing shapeshifter zombie (Vaults:5)
  31 nagas
  3 swamp worms (Snake:3)
  A chaos spawn (Abyss:3)
  6 harpy simulacra (IceCv)
  A hydra simulacrum (Hell)
  8 hell hounds (Hell)
  A cane toad zombie (Crypt:3)
  3 ice beasts
  39 orc warriors
  7 water moccasins
  2 swamp drakes (Snake:3)
  A sky beast (D:6)
  5 black bears
  19 laughing skulls
  2 small abominations (Abyss:3)
  13 ogres
  A swamp dragon zombie (Hell)
  21 wolves
  19 centaurs
  A hog zombie (Crypt:3)
  The ghost of FilltheMatrix the Changeling, an amateur OpSh (D:3)
  2 phantoms
  A yaktaur zombie (Crypt:1)
  15 bullfrogs
  6 kobold brigands
  A vine stalker zombie (Crypt:1)
  6 gnoll sergeants
  3 earth elementals
  6 scorpions
  A human skeleton (Vaults:5)
  A two-headed ogre simulacrum (IceCv)
  A burial acolyte (D:8)
  A cane toad simulacrum (IceCv)
  8 wights
  A warg skeleton (Crypt:2)
  A yak zombie (Crypt:2)
  A yak skeleton (Crypt:3)
  12 killer bees (D:11)
  A bombardier beetle (D:5)
  6 howler monkeys
  A crimson imp (Depths:3)
  4 quasits (Orc:1)
  2 jellies (D:6)
  36 orc priests
  9 gnoll boudas
  2 hounds (D:5)
  A basilisk skeleton (Crypt:1)
  2 iguanas (D:6)
  31 orc wizards
  A sleepcap (D:6)
  4 hell rats (Hell)
  A polar bear simulacrum (IceCv)
  A crocodile zombie (Crypt:1)
  An ogre skeleton (Crypt:2)
  A deep dwarf skeleton (Crypt:3)
  A hound zombie (D:8)
  12 mummies (Crypt:3)
  19 gnolls
  A howler monkey skeleton (Crypt:2)
  8 adders
  4 shadow imps
  17 white imps
  An ufetubus (IceCv)
  3 adder zombies
  2 adder skeletons
  3 dart slugs
  72 orcs
  2 bat skeletons (D:2)
  6 endoplasms
  A giant cockroach (D:2)
  A gnoll zombie (D:8)
  10 goblins
  9 hobgoblins
  2 jackals (D:1)
  2 quokkas
  3 ball pythons (D:1)
  A ball python skeleton (D:2)
  4 bats
  5 frilled lizards
  3 goblin zombies (D:6)
  2 hobgoblin zombies (D:6)
  19 kobolds
  3 kobold skeletons (D:6)
  3 kobold zombies (D:8)
  2 orc skeletons (D:6)
  2 orc zombies (D:6)
  A quokka skeleton (D:2)
  2 rats
  A river rat skeleton (Crypt:2)
  2 aspiring fleshes (Zot:4)
  A spectral weapon (Slime:2)
  17 tentacles
2735 creatures vanquished.

Vanquished Creatures (others)
  A fire giant (Crypt:3)
  A sun demon (Hell)
  A yaktaur (Vaults:4)
  2 foxfires (Abyss:3)
  A lurking horror (Abyss:3)
  36 spectral weapons
  2 starspawn tentacles (Abyss:3)
  19 tentacles
63 creatures vanquished.

Grand Total: 2798 creatures vanquished

Notes
Turn   | Place    | Note
-------+----------+-------------------------------------------
     0 | D:1      | DoomDiver the Coglin Gladiator began the quest for the Orb.
     0 | D:1      | Reached XP level 1. HP: 16/16 MP: 1/1
   172 | D:1      | Reached XP level 2. HP: 22/22 MP: 2/2
   695 | D:1      | Reached XP level 3. HP: 21/28 MP: 3/3
  1394 | D:2      | Found a shimmering blue altar of Sif Muna.
  1467 | D:2      | Identified the +6 chain mail of Xeguzom {Regen+}
  1552 | D:2      | Reached XP level 4. HP: 35/35 MP: 4/4
  1821 | D:3      | Found a transporter.
  1821 | D:3      | Noticed FilltheMatrix's ghost (amateur OpSh)
  1821 | D:3      | Noticed an ogre
  1824 | D:3      | Found a transporter.
  1824 | D:3      | Noticed an ogre
  2559 | D:4      | Found an iron altar of Okawaru.
  2578 | D:4      | Became a worshipper of Warmaster Okawaru
  2621 | D:4      | Reached XP level 5. HP: 41/41 MP: 5/5
  2690 | D:4      | Found a blossoming altar of Fedhas.
  2729 | D:4      | Found a basalt altar of Yredelemnul.
  2735 | D:4      | Found a transporter.
  2794 | D:4      | Reached skill level 1 in Armour
  2800 | D:4      | Found a transporter.
  2882 | D:4      | Reached XP level 6. HP: 47/48 MP: 6/6
  3183 | D:5      | Entered Level 5 of the Dungeon
  3328 | D:5      | Reached skill level 1 in Invocations
  3397 | D:5      | Reached * piety under Okawaru
  3848 | D:5      | Reached skill level 5 in Long Blades
  3848 | D:5      | Reached XP level 7. HP: 46/55 MP: 6/8
  3921 | D:5      | Found a shimmering altar of Xom.
  3928 | D:5      | Found a shimmering blue altar of Sif Muna.
  3934 | D:5      | Found a hide-covered altar of Uskayaw.
  4197 | D:5      | Reached skill level 5 in Fighting
  4292 | D:6      | Reached XP level 8. HP: 60/62 MP: 9/9
  4344 | D:6      | Reached ** piety under Okawaru
  4668 | D:6      | Found a glowing golden altar of the Shining One.
  4896 | D:5      | Reached XP level 9. HP: 47/70 MP: 11/11
  4976 | D:6      | Reached *** piety under Okawaru
  5028 | D:6      | Reached skill level 5 in Dodging
  5704 | D:7      | Found a staircase to the Ecumenical Temple.
  5849 | D:7      | Identified the +0 short sword "Hetogat" {freeze, Int+5}
  6032 | D:7      | Found a shadowy altar of Dithmenos.
  6063 | D:7      | Reached **** piety under Okawaru
  6307 | Temple   | Entered the Ecumenical Temple
  6417 | D:8      | Found a staircase to the Lair.
  6508 | D:8      | Reached XP level 10. HP: 80/80 MP: 12/12
  6989 | D:8      | Found an ancient bone altar of Kikubaaqudgha.
  7150 | D:9      | Reached ***** piety under Okawaru
  7175 | D:9      | Reached skill level 5 in Armour
  7184 | D:9      | Identified a scroll of acquirement
  7520 | D:9      | Reached XP level 11. HP: 76/89 MP: 14/14
  7678 | D:9      | Noticed a cyclops
  7678 | D:9      | Noticed a deep elf pyromancer
  7893 | D:10     | Entered Level 10 of the Dungeon
  8363 | D:10     | Received a gift from Okawaru
  8406 | D:10     | Reached skill level 5 in Invocations
  8472 | D:10     | Reached skill level 10 in Long Blades
  8764 | D:10     | Reached skill level 10 in Fighting
  8847 | D:10     | Received a gift from Okawaru
  8854 | D:10     | Noticed a two-headed ogre
  8854 | D:10     | Noticed an ogre mage
  8863 | D:10     | Paralysed by an ogre mage for 3 turns
  8876 | D:10     | Killed an ogre mage
  8889 | D:10     | Killed a two-headed ogre
  9017 | D:10     | Reached XP level 12. HP: 97/98 MP: 16/16
  9367 | D:10     | Found Qobar's CLEARANCE SALE!.
  9459 | D:10     | Bought a potion of heal wounds for 30 gold pieces
  9465 | D:10     | Bought 2 darts of dispersal for 10 gold pieces
  9622 | D:11     | Found a frozen archway.
  9637 | D:11     | Received a gift from Okawaru
  9682 | IceCv    | Entered an ice cave
 11140 | IceCv    | Noticed a reaper
 11147 | IceCv    | Killed a reaper
 11523 | D:11     | Noticed a two-headed ogre
 11535 | D:11     | Killed a two-headed ogre
 11691 | D:11     | Identified the +1 ring mail "Leukuot" {Regen+ Str+3 Stlth+}
 11722 | D:11     | Found a transporter.
 11727 | D:11     | Found a transporter.
 11727 | D:11     | Noticed tls9540's ghost (journeyman CoBe)
 11909 | D:11     | Noticed a boulder beetle
 11919 | D:11     | Killed a boulder beetle
 11929 | D:11     | Noticed a boulder beetle
 11946 | D:11     | Killed a boulder beetle
 11987 | D:11     | Found a staircase to the Orcish Mines.
 12018 | D:11     | Reached XP level 13. HP: 107/107 MP: 17/17
 12392 | Orc:1    | Entered Level 1 of the Orcish Mines
 12457 | Orc:2    | Entered Level 2 of the Orcish Mines
 12741 | Orc:2    | Found a staircase to the Elven Halls.
 12838 | Orc:1    | Found a transporter.
 12844 | Orc:1    | Noticed tlatlagkaus's ghost (journeyman SpEn)
 12880 | Orc:1    | Received a gift from Okawaru
 12885 | Orc:1    | Found a transporter.
 12890 | Orc:1    | Noticed Erolcha
 12894 | Arena    | Entered the Arena
 12907 | Arena    | Killed Erolcha
 12980 | Orc:1    | Found Titapury's Vocational Training.
 13335 | Orc:1    | Found Siuragg's Magic Scroll Boutique.
 13339 | Orc:1    | Bought a scroll of revelation for 90 gold pieces
 13339 | Orc:1    | Bought a scroll of immolation for 48 gold pieces
 13339 | Orc:1    | Bought a scroll of amnesia for 48 gold pieces
 13339 | Orc:1    | Bought a scroll of identify for 24 gold pieces
 13339 | Orc:1    | Bought a scroll of poison for 48 gold pieces
 13339 | Orc:1    | Bought a scroll of enchant weapon for 90 gold pieces
 13704 | Orc:2    | Found Kecliuv's General Store.
 13739 | Orc:2    | Bought a scroll of teleportation for 36 gold pieces
 13739 | Orc:2    | Bought a scroll of fear for 48 gold pieces
 15013 | Orc:2    | Found Sekka's Assorted Antiques.
 15016 | Orc:2    | Found Ugeodgh's Weapon Shoppe.
 15017 | Orc:2    | Found Ciurphaa's Antique Armour Shoppe.
 15018 | Orc:2    | Found Xoffiv's Distillery.
 15022 | Orc:2    | Bought 4 curare-tipped darts for 72 gold pieces
 15025 | Orc:2    | Bought a scroll of identify for 66 gold pieces
 15026 | Orc:2    | Bought a potion of degeneration for 12 gold pieces
 15026 | Orc:2    | Bought a potion of curing for 36 gold pieces
 15026 | Orc:2    | Bought a potion of curing for 36 gold pieces
 15026 | Orc:2    | Bought a potion of magic for 96 gold pieces
 15026 | Orc:2    | Bought a potion of ambrosia for 96 gold pieces
 15026 | Orc:2    | Bought a potion of ambrosia for 96 gold pieces
 15026 | Orc:2    | Bought a potion of berserk rage for 60 gold pieces
 15246 | D:12     | Noticed Lodul
 15270 | D:12     | Killed Lodul
 15413 | D:12     | Noticed Snorg
 15430 | D:12     | Killed Snorg
 15571 | D:12     | Received a gift from Okawaru
 15572 | D:12     | Reached XP level 14. HP: 116/116 MP: 19/19
 15572 | D:12     | Acquired an automatic whirligig {rElec Regen+ RegenMP+
                  | Slay+3}
 16479 | D:13     | Found Mios's Antique Weapon Boutique.
 16491 | D:13     | Bought a masterwork falchion for 184 gold pieces
 16491 | D:13     | Identified the +8 falchion "Sasaka" {heavy, *Corrode rC+
                  | Dex+4} (You bought it in a shop on level 13 of the Dungeon)
 16831 | D:13     | Found a gate to the Vaults.
 16987 | D:13     | Noticed Frances
 17001 | D:13     | Killed Frances
 17568 | D:14     | Received a gift from Okawaru
 17884 | D:15     | Entered Level 15 of the Dungeon
 18803 | D:15     | Found Emobim's General Store.
 18811 | D:15     | Bought a scroll of identify for 34 gold pieces
 18811 | D:15     | Bought a potion of resistance for 170 gold pieces
 18811 | D:15     | Bought a potion of enlightenment for 85 gold pieces
 18928 | D:15     | Found a staircase to the Depths.
 18973 | D:15     | Reached XP level 15. HP: 116/126 MP: 21/21
 19017 | D:15     | Reached ****** piety under Okawaru
 19017 | D:15     | Received a gift from Okawaru
 19268 | Lair:1   | Entered Level 1 of the Lair of Beasts
 19281 | Lair:1   | Reached skill level 10 in Dodging
 20758 | Lair:2   | You fall into a shaft and drop 2 floors!
 20764 | Lair:4   | Found a runed translucent gate.
 20841 | Lair:4   | Found a runed translucent gate.
 20841 | Lair:4   | Found a runed translucent gate.
 20895 | Lair:4   | Received a gift from Okawaru
 20979 | Lair:4   | Found a staircase to the Slime Pits.
 20979 | Lair:4   | Found a viscous altar of Jiyva.
 21101 | Lair:4   | Acquired the +8 double sword of Lies {flame, Str+2 Dex+4
                  | SInv Stlth+}
 21101 | Lair:4   | Received a gift from Okawaru
 21124 | Lair:4   | Acquired a +2 crystal plate armour
 21124 | Lair:4   | Received a gift from Okawaru
 21198 | Lair:4   | Identified the amulet of the Queen {+Inv Regen+ Dex+3
                  | Stlth+}
 21294 | Lair:4   | Noticed Disoufrejy's ghost (journeyman MiFi)
 21327 | Lair:4   | Killed Disoufrejy's ghost
 21341 | Lair:4   | Identified the +8 war axe of the Fresh God {heavy, rF++
                  | rN+}
 21412 | Lair:4   | Noticed Sonja
 21426 | Lair:4   | Killed Sonja
 21427 | Lair:4   | Reached skill level 15 in Long Blades
 21855 | Lair:3   | Found a staircase to the Snake Pit.
 21976 | Lair:3   | Received a gift from Okawaru
 22325 | Lair:3   | Reached skill level 15 in Fighting
 22654 | Lair:5   | Entered Level 5 of the Lair of Beasts
 22663 | Lair:5   | Reached skill level 10 in Armour
 22852 | Lair:5   | Reached XP level 16. HP: 120/136 MP: 22/22
 22870 | Lair:5   | Received a gift from Okawaru
 23210 | Lair:5   | Found a dark tunnel.
 23215 | Volcano  | Entered a volcano
 23830 | Lair:5   | Identified the +4 morningstar "Pirch" {protect, rCorr
                  | Int+4}
 24237 | D:11     | Killed tls9540's ghost
 24237 | D:11     | Received a gift from Okawaru
 24548 | D:3      | Killed FilltheMatrix's ghost
 24861 | Orc:1    | Killed tlatlagkaus's ghost
 24876 | Orc:1    | Identified the +8 war axe of the Keeping Shrike {heavy,
                  | *Rage Fly MP+9 Int-3}
 24919 | Orc:1    | Bought a manual of Invocations for 880 gold pieces
 25274 | Snake:1  | Entered Level 1 of the Snake Pit
 26200 | Snake:2  | Received a gift from Okawaru
 26281 | Snake:2  | Noticed Jorgrun
 26287 | Snake:2  | Killed Jorgrun
 26469 | Snake:2  | Found Abysu's Jewellery Boutique.
 27032 | Snake:3  | Reached skill level 10 in Invocations
 27103 | Arena    | Entered the Arena
 27404 | Snake:3  | Noticed a tentacled monstrosity
 27412 | Snake:3  | Killed a tentacled monstrosity
 27413 | Snake:3  | Reached XP level 17. HP: 140/145 MP: 24/24
 27485 | Snake:3  | Received a gift from Okawaru
 27827 | Snake:3  | Found an opulent altar of Gozag.
 28052 | Snake:3  | Found the +7 captain's cutlass {speed, disarm}
 28258 | Snake:4  | Entered Level 4 of the Snake Pit
 28541 | Snake:4  | Noticed Mlioglotl
 28548 | Snake:4  | Killed Mlioglotl
 28723 | Snake:4  | Learned a level 2 spell: Blink
 28840 | Snake:4  | Received a gift from Okawaru
 28868 | Snake:4  | Noticed a quicksilver dragon
 28872 | Arena    | Entered the Arena
 28875 | Arena    | Killed a quicksilver dragon
 29178 | Snake:4  | Got a serpentine rune of Zot
 29433 | Shoals:1 | Entered Level 1 of the Shoals
 29477 | Shoals:1 | Received a gift from Okawaru
 30262 | Shoals:2 | Noticed Polyphemus
 30312 | Shoals:2 | Reached XP level 18. HP: 156/156 MP: 25/25
 30415 | Shoals:2 | Received a gift from Okawaru
 30469 | Shoals:2 | Noticed Ilsuiw
 30481 | Arena    | Entered the Arena
 30484 | Arena    | Killed Ilsuiw
 30565 | Shoals:2 | Killed Polyphemus
 30787 | Shoals:2 | Identified the +0 pair of boots of the Cobbler {rCorr Str+3
                  | Dex+3}
 30828 | Shoals:2 | HP: 5/158 [harpy (10)]
 30828 | Shoals:2 | HP: 1/158 [harpy (4)]
 30841 | Shoals:4 | Entered Level 4 of the Shoals
 31670 | Shoals:3 | Identified the +1 hand cannon "Impbane" {freeze, ^Fragile
                  | rF+++ Will- Int+4}
 31981 | Shoals:3 | Received a gift from Okawaru
 32460 | Shoals:4 | Found Zioguy's Magic Scroll Shoppe.
 32482 | Shoals:4 | Bought a scroll of silence for 161 gold pieces
 32482 | Shoals:4 | Bought a scroll of brand weapon for 161 gold pieces
 32482 | Shoals:4 | Bought a scroll of enchant weapon for 127 gold pieces
 32482 | Shoals:4 | Bought a scroll of noise for 17 gold pieces
 32745 | Shoals:4 | Paralysed by a formless jellyfish for 1 turns
 32755 | Shoals:4 | Reached XP level 19. HP: 90/166 MP: 27/27
 32878 | Shoals:4 | Identified the ring of Yshaj {rPois Dex+3 SInv}
 32960 | Shoals:4 | Received a gift from Okawaru
 32996 | Shoals:4 | Got a barnacled rune of Zot
 33513 | Vaults:1 | Entered Level 1 of the Vaults
 33928 | Vaults:1 | Found a flickering gateway to a bazaar.
 33981 | Vaults:1 | Received a gift from Okawaru
 34038 | Bazaar   | Entered a bazaar
 34040 | Bazaar   | Found Xathrask's Weapon Boutique.
 34044 | Bazaar   | Bought 2 atropa-tipped darts for 19 gold pieces
 34044 | Bazaar   | Found Hemeffue's Jewellery Boutique.
 34044 | Bazaar   | Found Eqask's Jewellery Boutique.
 34045 | Bazaar   | Found Ziseuvvu's Magic Scroll Boutique.
 34091 | Bazaar   | Bought a scroll of revelation for 105 gold pieces
 34091 | Bazaar   | Bought a scroll of enchant armour for 105 gold pieces
 34091 | Bazaar   | Bought a scroll of enchant weapon for 105 gold pieces
 34091 | Bazaar   | Bought a scroll of enchant armour for 105 gold pieces
 34091 | Bazaar   | Bought a scroll of enchant armour for 105 gold pieces
 34091 | Bazaar   | Bought a scroll of teleportation for 42 gold pieces
 34672 | Vaults:2 | Identified the +1 cloak "Atabb" {Fly}
 34683 | Vaults:2 | Found Zacaf's Antique Armour Shop.
 34780 | Vaults:2 | Found a staircase to the Crypt.
 34848 | Vaults:2 | Received a gift from Okawaru
 34880 | Vaults:2 | Found Qekiad's Magic Scroll Boutique.
 34898 | Vaults:2 | Bought a scroll of fog for 48 gold pieces
 34898 | Vaults:2 | Bought a scroll of teleportation for 36 gold pieces
 34898 | Vaults:2 | Bought a scroll of fear for 48 gold pieces
 34898 | Vaults:2 | Bought a scroll of teleportation for 36 gold pieces
 34913 | Vaults:2 | Found Xinacruk's Book Shoppe.
 35026 | Vaults:2 | Noticed Saint Roka
 35078 | Vaults:2 | Found Upiar's General Store.
 35142 | Arena    | Entered the Arena
 35147 | Arena    | Killed Saint Roka
 35189 | Vaults:2 | Found a magical portal.
 35197 | WizLab   | Entered Eringya's Formal Garden
 35377 | WizLab   | Paralysed by a fenstrider witch for 2 turns
 35380 | Arena    | Entered the Arena
 35528 | WizLab   | Reached XP level 20. HP: 142/176 MP: 29/29
 35611 | WizLab   | Found a blossoming altar of Fedhas.
 35624 | WizLab   | Got Eringya's Verses on the Tincture
 36178 | Vaults:2 | Found Vakhoqopa's Weapon Emporium.
 36533 | Vaults:2 | Bought a scroll of teleportation for 39 gold pieces
 36801 | Vaults:3 | Received a gift from Okawaru
 36830 | Vaults:3 | Found a flickering gateway to a bazaar.
 36842 | Bazaar   | Entered a bazaar
 36850 | Bazaar   | Found Iraukkav's Book Shop.
 36855 | Bazaar   | Found Kesaocil's Antique Armour Shop.
 36891 | Bazaar   | Acquired 1057 gold pieces
 36907 | Bazaar   | Bought a pair of heavily runed gloves for 180 gold pieces
 36907 | Bazaar   | Identified the +1 pair of gloves of Ekinogha {rN+ Stlth+}
                  | (You bought it in a shop in a bazaar)
 36907 | Bazaar   | Bought an embroidered cloak for 142 gold pieces
 37030 | Vaults:3 | Found a large runed translucent door.
 37030 | Vaults:3 | Found a large runed translucent door.
 37030 | Vaults:3 | Found a large runed translucent door.
 37030 | Vaults:3 | Found a large runed translucent door.
 37030 | Vaults:3 | Found a large runed translucent door.
 37030 | Vaults:3 | Found a large runed translucent door.
 37030 | Vaults:3 | Found a large runed translucent door.
 37030 | Vaults:3 | Found a large runed translucent door.
 37030 | Vaults:3 | Noticed Jachav's ghost (veteran DECj)
 37474 | Vaults:3 | Received a gift from Okawaru
 37910 | Vaults:3 | Killed Jachav's ghost
 38162 | Vaults:4 | Reached XP level 21. HP: 164/186 MP: 30/30
 38206 | Vaults:4 | Received a gift from Okawaru
 38418 | Vaults:4 | Found Weilyash's Magic Scroll Boutique.
 38580 | Vaults:4 | Bought a scroll of acquirement for 884 gold pieces
 38580 | Vaults:4 | Acquired a manual of Dodging
 38974 | Vaults:4 | Received a gift from Okawaru
 39507 | Elf:1    | Entered Level 1 of the Elven Halls
 39510 | Elf:1    | Reached skill level 15 in Dodging
 39655 | Elf:1    | Noticed Louise
 39659 | Abyss:3  | Cast into level 3 of the Abyss (+2 trident of distortion)
 39799 | Elf:1    | Escaped the Abyss
 39807 | Elf:1    | Killed Louise
 39925 | Arena    | Entered the Arena
 40136 | Elf:1    | Paralysed by an air elemental for 1 turns
 40279 | Elf:1    | Found Caimmos's Antique Armour Shoppe.
 40514 | Elf:2    | Found Burroal's Magic Scroll Boutique.
 40524 | Elf:2    | Paralysed by an air elemental for 1 turns
 40533 | Elf:2    | Received a gift from Okawaru
 40600 | Elf:2    | Bought a scroll of teleportation for 48 gold pieces
 40600 | Elf:2    | Bought a scroll of enchant armour for 120 gold pieces
 40919 | Elf:2    | Found a runed translucent gate.
 40919 | Elf:2    | Found a runed translucent gate.
 40919 | Elf:2    | Found a runed translucent gate.
 41270 | Elf:2    | Reached XP level 22. HP: 195/197 MP: 31/31
 41636 | Elf:3    | Entered Level 3 of the Elven Halls
 41644 | Elf:3    | Received a gift from Okawaru
 41651 | Elf:2    | Found Dutwuv's Antique Weapon Boutique.
 41659 | Arena    | Entered the Arena
 41999 | Elf:3    | Found Siola's Weapon Shop.
 42290 | Elf:3    | Identified the +2 robe of the Rose {*Slow Str+4 Int+3}
 42374 | Elf:3    | Received a gift from Okawaru
 42375 | Elf:3    | Identified the amulet "Fyjouxtu" {Reflect rN++ Will+ SH+5}
 42504 | Elf:3    | Identified the +2 shortbow of Collusion {flame, Will+ Str+6
                  | Int+2 Dex-4}
 42515 | Elf:3    | Got Iceo's Octavo of Mortal Melanosis
 42516 | Elf:3    | Identified the +1 robe of Diweoryi {rF- rC+++ Archmagi}
 42544 | Elf:3    | Identified the amulet of Ytusheorch {Acrobat +Inv rPois rC-
                  | Int+2}
 42562 | Elf:3    | Got Vefuev's Cyclopedia of the Fatal Blizzard
 42566 | Elf:3    | Identified the amulet "Biowneh" {Regen+ Str+2}
 43240 | Vaults:2 | Bought a potion of heal wounds for 65 gold pieces
 43240 | Vaults:2 | Bought a potion of haste for 130 gold pieces
 43240 | Vaults:2 | Bought a scroll of teleportation for 39 gold pieces
 43347 | Vaults:5 | Entered Level 5 of the Vaults
 43455 | Vaults:5 | Received a gift from Okawaru
 43474 | Vaults:5 | Noticed a dread lich
 43491 | Vaults:5 | Killed a dread lich
 43499 | Arena    | Entered the Arena
 43580 | Vaults:5 | Reached XP level 23. HP: 53/207 MP: 30/32
 44254 | Vaults:5 | Identified the +1 leather armour of Privacy {rPois MP+9}
 44414 | Vaults:5 | Noticed an ancient lich
 44424 | Vaults:5 | Killed an ancient lich
 44424 | Vaults:5 | Received a gift from Okawaru
 44522 | Vaults:5 | Identified the staff of Prudence {rF+ rN+ Str-3 Necro Tloc
                  | Earth}
 44527 | Vaults:5 | Identified the +1 ring mail "Dyafi" {rC+}
 44686 | Vaults:5 | Identified the staff "Xiph" {rPois Int+4 Alchemy}
 45206 | Vaults:5 | Got a silver rune of Zot
 45611 | Depths:1 | Entered Level 1 of the Depths
 45649 | Depths:1 | Noticed Margery
 45655 | Depths:1 | Killed Margery
 45719 | D:15     | Killed the ghostly Margery
 45719 | D:15     | Received a gift from Okawaru
 46084 | Depths:1 | Noticed Nikola
 46087 | Depths:1 | Reached XP level 24. HP: 132/218 MP: 32/32
 46094 | Depths:1 | Found a gateway to Hell.
 46095 | Depths:1 | Killed Nikola
 46095 | Depths:1 | Received a gift from Okawaru
 46212 | Depths:1 | Found a burning altar of Makhleb.
 46212 | Depths:1 | Found Soowkilad's Profane Products.
 46221 | Depths:1 | Found a one-way gate to the infinite horrors of the Abyss.
 46372 | Depths:1 | Found Kimu's Book Shop.
 46382 | Depths:1 | Found Wodos's Jewellery Shoppe.
 46383 | Depths:1 | Found Mirrolua's Book Shop.
 46683 | Depths:2 | Identified the ring of Loekhen {Ice Will+ Str+2 Stlth+}
 46683 | Depths:2 | Noticed Josephina
 46689 | Depths:2 | Killed Josephina
 46768 | Depths:2 | Noticed a caustic shrike
 46773 | Depths:2 | Killed a caustic shrike
 47037 | Depths:2 | Found Rashrow's Assorted Antiques.
 47037 | Depths:2 | Found Appi's Weapon Boutique.
 47056 | Depths:2 | Bought a potion of heal wounds for 145 gold pieces
 47056 | Depths:2 | Bought a scroll of blinking for 217 gold pieces
 47065 | Depths:2 | Noticed the Enchantress
 47076 | Depths:2 | Killed the Enchantress
 47457 | Depths:2 | Received a gift from Okawaru
 47631 | Depths:2 | Found a one-way gate leading to the halls of Pandemonium.
 47870 | Depths:3 | Found a shimmering blue altar of Sif Muna.
 47990 | Abyss:3  | Cast into level 3 of the Abyss (spriggan)
 47994 | Depths:3 | Escaped the Abyss
 48382 | Depths:3 | Noticed Mara
 48396 | Depths:3 | Noticed DoomDiver's illusion
 48398 | Depths:3 | Killed Mara
 48725 | Depths:3 | Noticed a juggernaut
 48731 | Depths:3 | Killed a juggernaut
 48731 | Depths:3 | Received a gift from Okawaru
 48822 | Depths:3 | Noticed a dread lich
 48832 | Depths:3 | Killed a dread lich
 49015 | Depths:4 | Entered Level 4 of the Depths
 49063 | Depths:4 | Found a one-way gateway to a ziggurat.
 49416 | Depths:4 | Reached XP level 25. HP: 228/228 MP: 32/32
 49429 | Depths:4 | Found a bloodstained altar of Trog.
 49458 | Depths:4 | Found Utoma Cili's Jewellery Emporium.
 49665 | Depths:4 | Received a gift from Okawaru
 49901 | Depths:4 | Found a gate to the Realm of Zot.
 50146 | Zot:1    | Entered Level 1 of the Realm of Zot
 50685 | Zot:1    | Received a gift from Okawaru
 51748 | Zot:2    | Received a gift from Okawaru
 52172 | Zot:2    | Noticed an orb of fire
 52221 | Zot:2    | Killed an orb of fire
 52718 | Zot:3    | Received a gift from Okawaru
 52746 | Zot:3    | Noticed a Killer Klown
 52751 | Zot:3    | Killed a Killer Klown
 52877 | Zot:3    | Reached XP level 26. HP: 207/240 MP: 32/32
 53182 | Zot:3    | Reached skill level 27 in Long Blades
 53469 | Zot:3    | Identified the ring of Xabixyss {Wiz rC+ Str+5}
 53888 | Zot:4    | Received a gift from Okawaru
 54295 | Zot:5    | Entered Level 5 of the Realm of Zot
 54739 | Zot:5    | Found a runed translucent gate.
 54739 | Zot:5    | Found a runed translucent gate.
 54739 | Zot:5    | Found a runed translucent gate.
 54739 | Zot:5    | Noticed Ray's ghost (legendary MiFi)
 54749 | Zot:5    | Received a gift from Okawaru
 54877 | Zot:5    | Killed Ray's ghost
 55241 | Zot:5    | Noticed an ancient lich
 55248 | Zot:5    | Killed an ancient lich
 55448 | Zot:5    | Noticed a Killer Klown
 55450 | Zot:5    | Noticed a Killer Klown
 55451 | Zot:5    | Noticed a Killer Klown
 55451 | Zot:5    | Noticed a dread lich
 55455 | Zot:5    | Noticed an orb of fire
 55459 | Zot:5    | Killed a Killer Klown
 55469 | Zot:5    | Noticed a Killer Klown
 55469 | Zot:5    | Noticed a Killer Klown
 55469 | Zot:5    | Noticed a Killer Klown
 55470 | Zot:5    | Noticed an ancient lich
 55905 | Zot:4    | Killed a dread lich
 55939 | Zot:5    | Noticed a Killer Klown
 55944 | Zot:4    | Killed a Killer Klown
 55945 | Zot:4    | Reached XP level 27. HP: 207/247 MP: 31/32
 56118 | Zot:4    | Killed an ancient lich
 56276 | Zot:4    | Received a gift from Okawaru
 56421 | Zot:5    | Gained mutation: You have very sharp teeth. [an orb of
                  | fire]
 56422 | Zot:5    | Killed an orb of fire
 56658 | Zot:5    | Noticed an orb of fire
 56672 | Zot:5    | Killed an orb of fire
 56769 | Zot:5    | Noticed an orb of fire
 56779 | Zot:5    | Killed an orb of fire
 56873 | Zot:5    | Received a gift from Okawaru
 57198 | Depths:4 | Voluntarily entered the Abyss.
 57198 | Abyss:3  | Found a corrupted altar of Lugonu.
 57214 | Abyss:3  | Found a corrupted altar of Lugonu.
 57269 | Abyss:3  | Found a corrupted altar of Lugonu.
 57295 | Abyss:3  | Found a corrupted altar of Lugonu.
 57351 | Abyss:3  | Found a corrupted altar of Lugonu.
 57367 | Abyss:3  | Found a glowing golden altar of the Shining One.
 57385 | Abyss:3  | Noticed a juggernaut
 57390 | Abyss:3  | Killed a juggernaut
 57395 | Abyss:3  | Got an abyssal rune of Zot
 57402 | Depths:4 | Escaped the Abyss
 57689 | Slime:1  | Entered Level 1 of the Pits of Slime
 57709 | Slime:1  | Reached skill level 27 in Fighting
 57728 | Slime:1  | Gained mutation: You are frail. (-10% HP) [a shining eye]
 57798 | Slime:1  | Gained mutation: You expend magic power (3 MP) to
                  | strengthen your wands. [a shining eye]
 57850 | Slime:1  | You fall into a shaft and drop 1 floor!
 58420 | Slime:1  | Received a gift from Okawaru
 59175 | Slime:2  | Gained mutation: You do not regenerate when monsters are
                  | visible. [a shining eye]
 59176 | Slime:2  | Gained mutation: You are partially covered in iridescent
                  | scales. (AC +2) [a shining eye]
 59374 | Slime:2  | Gained mutation: Armour fits poorly on your strangely
                  | shaped body. [a shining eye]
 59375 | Slime:2  | Gained mutation: You are weak. (Str -2) [a shining eye]
 59378 | Slime:2  | Gained mutation: Your health recovers twice as slowly from
                  | being drained. [a shining eye]
 60584 | Slime:5  | Entered Level 5 of the Pits of Slime
 60669 | Slime:5  | Noticed the Royal Jelly
 61692 | Slime:5  | Found a viscous altar of Jiyva.
 61827 | Slime:5  | Found the +3 pair of seven-league boots {Rampage+∞}
 61896 | Slime:5  | Killed the Royal Jelly
 62145 | Slime:5  | Identified the +5 spear of Invincibility {vamp, Str+2 Dex+6
                  | SInv}
 62146 | Slime:5  | Identified the +0 robe "Vannira" {Str+3}
 62262 | Slime:5  | Identified the +7 broad axe of the Open Hand {antimagic,
                  | ^Fragile rC++ Int+2 Dex-2}
 62270 | Slime:5  | Got Hoaff's Annotations on Combat Magic and Correspondence
 62324 | Slime:5  | Identified the staff "Avasust" {^Fragile rF+++ Will- SInv
                  | Conj}
 62341 | Slime:5  | Got a slimy rune of Zot
 62343 | Slime:5  | Identified the +10 glaive of Paman {protect, Will+ Str+2
                  | Int+3}
 62791 | D:6      | Fell from the grace of Okawaru
 62791 | D:6      | Became a worshipper of the Shining One
 63018 | Crypt:1  | Entered Level 1 of the Crypt
 63509 | Crypt:1  | Reached * piety under the Shining One
 63662 | Crypt:1  | Noticed Xtahua
 63851 | Crypt:1  | Killed Xtahua
 63866 | Crypt:1  | Reached skill level 15 in Invocations
 63866 | Crypt:1  | Lost mutation: Your health recovers twice as slowly from
                  | being drained. [potion of mutation]
 63866 | Crypt:1  | Lost mutation: You are frail. (-10% HP) [potion of
                  | mutation]
 63866 | Crypt:1  | Gained mutation: You are strong-willed. (Will+) [potion of
                  | mutation]
 63866 | Crypt:1  | Gained mutation: You are agile. (Dex +4, Str/Int -1)
                  | [potion of mutation]
 63866 | Crypt:1  | Gained mutation: You have a pair of small horns on your
                  | head. [potion of mutation]
 63867 | Crypt:1  | Lost mutation: You do not regenerate when monsters are
                  | visible. [potion of mutation]
 63867 | Crypt:1  | Lost mutation: You are agile. (Dex +4, Str/Int -1) [potion
                  | of mutation]
 63867 | Crypt:1  | Lost mutation: You are partially covered in iridescent
                  | scales. (AC +2) [potion of mutation]
 63867 | Crypt:1  | Gained mutation: Your system is resistant to poisons.
                  | (rPois) [potion of mutation]
 63867 | Crypt:1  | Lost mutation: You are weak. (Str -2) [potion of mutation]
 63868 | Crypt:1  | Lost mutation: You expend magic power (3 MP) to strengthen
                  | your wands. [potion of mutation]
 63868 | Crypt:1  | Lost mutation: You are strong-willed. (Will+) [potion of
                  | mutation]
 63868 | Crypt:1  | Gained mutation: You have hidden genetic potential. [potion
                  | of mutation]
 63869 | Crypt:1  | Lost mutation: You have a pair of small horns on your head.
                  | [potion of mutation]
 63869 | Crypt:1  | Lost mutation: Your system is resistant to poisons. (rPois)
                  | [potion of mutation]
 63869 | Crypt:1  | Lost mutation: You have very sharp teeth. [potion of
                  | mutation]
 63869 | Crypt:1  | Gained mutation: You occasionally shout uncontrollably at
                  | your foes. [potion of mutation]
 63870 | Crypt:1  | Lost mutation: Armour fits poorly on your strangely shaped
                  | body. [potion of mutation]
 63870 | Crypt:1  | Lost mutation: You have hidden genetic potential. [potion
                  | of mutation]
 63870 | Crypt:1  | Lost mutation: You occasionally shout uncontrollably at
                  | your foes. [potion of mutation]
 63870 | Crypt:1  | Gained mutation: You are partially covered in iridescent
                  | scales. (AC +2) [potion of mutation]
 63870 | Crypt:1  | Gained mutation: You are dopey. (Int -2) [potion of
                  | mutation]
 63870 | Crypt:1  | Gained mutation: You are agile. (Dex +4, Str/Int -1)
                  | [potion of mutation]
 63941 | Crypt:1  | Reached ** piety under the Shining One
 64170 | Crypt:1  | You fall into a shaft and drop 1 floor!
 64270 | Crypt:1  | Reached *** piety under the Shining One
 64693 | Crypt:2  | Reached **** piety under the Shining One
 65015 | Crypt:2  | Noticed Sojobo
 65025 | Crypt:2  | Killed Sojobo
 65117 | Crypt:3  | Entered Level 3 of the Crypt
 65117 | Crypt:3  | Reached ***** piety under the Shining One
 65349 | Crypt:3  | Found a staircase to the Tomb.
 65349 | Crypt:3  | Reached ****** piety under the Shining One
 65450 | Crypt:3  | Found the +6 Majin-Bo {spellvamp, MP+6 Int+6}
 65514 | Crypt:3  | Identified a +9 eudemon blade of holy wrath {Zorana} (a +9
                  | heavy demon blade {Zorana} blessed by the Shining One)
 65514 | Crypt:3  | Received a gift from the Shining One
 66079 | Crypt:3  | Noticed a dread lich
 66371 | Crypt:3  | Killed a dread lich
 66374 | Crypt:3  | Noticed an ancient lich
 66374 | Crypt:3  | Noticed a dread lich
 66383 | Crypt:3  | Killed an ancient lich
 66386 | Crypt:3  | Killed a dread lich
 66592 | Hell     | Entered the Vestibule of Hell
 66592 | Hell     | Noticed Geryon
 66604 | Hell     | Killed Geryon
 66928 | Hell     | Found a gateway to the freezing wastes of Cocytus.
 67022 | Hell     | Found a gateway to the decaying netherworld of Tartarus.
 67057 | Hell     | Found a gateway to the ashen valley of Gehenna.
 67206 | Hell     | Found a gateway to the Iron City of Dis.
 67608 | Dis:1    | Entered Level 1 of the Iron City of Dis
 67847 | Tar:1    | Entered Level 1 of Tartarus
 67881 | Tar:1    | You fall into a shaft and drop 1 floor!
 70128 | Tar:7    | Entered Level 7 of Tartarus
 70162 | Tar:7    | HP: 11/249 [poisoned by a tainted leviathan (dark miasma)]
 70162 | Tar:7    | HP: 5/249 [tainted leviathan (6)]
 70163 | Tar:7    | Slain by a tainted leviathan

Illustrated notes

Levels and vault maps discovered:
D:1:      saegor_arrival_fortress, layout_basic, kennysheep_crisscross
D:2:      layout_basic, serial_undead, serial_undead_e, serial_undead_c,
          serial_undead_a, serial_undead_e, serial_undead_c, serial_undead_e,
          serial_undead_d, basic_altar, minmay_door_square
D:3:      layout_basic, gammafunk_ghost_smash
D:4:      gammafunk_wand_slinger, layout_loops_ring, overflow_temple_1_default,
          mainiacjoe_overflow_concentric_impassable, fedhas_altar_1,
          minmay_misc_feat_enclosed
D:5:      layout_loops_corners, minmay_overflow_temple_star_quad,
          chequers_avenue, kennysheep_generic_room_8
D:6:      minmay_angry_zag, layout_basic, nicolae_tso_besieged_by_evil,
          serial_bayou_ford_a
D:7:      layout_loops_ring, grunt_dithmenos_smoke_and_mirrors,
          minmay_temple_entry_junction_2
D:8:      layout_loops_ring, regret_index_kikubaaqudgha_part_by_part,
          lair_entry_dummy
D:9:      layout_rooms, lightli_corner_chamber
D:10:     lemuel_castle_with_subvaults [lemuel_castle_interior_carwin_1],
          layout_irregular_city, nicolae_shop_clearance
D:11:     layout_loops_ring, orc_0_dummy, portal_ice_cave_entry_imps,
          gammafunk_ghost_hive, hangedman_weighted_door
D:12:     layout_loops_cross, uniq_lodul, uniq_snorg
D:13:     layout_small_grid, hellmonk_vaults_keyhole, serial_shops, shop,
          uniq_frances
D:14:     layout_rooms, nrook_campfire
D:15:     hangedman_depths_entry_civil_slaughter, layout_cross,
          minmay_large_rounded_square, serial_shops, nicolae_shop_behind_doors
Temple:   oiseaux_autumnal_temple
Lair:1:   layout_long_grid, minivault_19
Lair:2:   layout_gridlike, infiniplex_staircase_pool_2
Lair:3:   layout_chaotic_city, nicolae_shoals_entry_flooding,
          alex1729_snake_entry_snake, minivault_27, beast_lair_carwin_7
Lair:4:   layout_regular_city, slime_entry_1, gammafunk_ghost_hydra_chop,
          dreamdust_gnoll_shepherd, infiniplex_staircase_pool,
          grunt_megastairs_2, lemuel_fruit_tree, uniq_sonja
Lair:5:   grunt_lair_end_beastmaster, layout_hall_layers,
          nicolae_volcano_entry_s_turn, cheibrodos_lair_lostbears
Shoals:1: layout_shoals, nicolae_shoals_lost_giant_baths, nicolae_tricolors
Shoals:2: layout_shoals, uniq_ilsuiw, uniq_polyphemus
Shoals:3: layout_shoals, nicolae_shoals_the_drawing_of_the_three
Shoals:4: shoals_end_grunt_ice, layout_shoals, serial_shops, shop
Snake:1:  cheibrodos_snake_ritualist_ritual, layout_misc_corridors
Snake:2:  layout_grid_maze, minmay_shop_star, grunt_megastairs_1, uniq_jorgrun
Snake:3:  onia_ninara_swampy_vault, layout_onion, basic_altar
Snake:4:  hellmonk_snake_rune_quicksilver_temple, layout_grid_shapes,
          uniq_mlioglotl
Slime:1:  layout_caves, nicolae_slime_getting_an_eyeful
Slime:2:  layout_caves
Slime:3:  layout_caves, nicolae_slime_barrier
Slime:4:  layout_caves
Slime:5:  slime_pit_nicolae_trefoil
Orc:1:    layout_diamond_mine, serial_shops, nicolae_shop_getting_attention,
          gammafunk_ghost_stat_death, nicolae_shop_vocational, uniq_erolcha
Orc:2:    st_orc_pillars, layout_diamond_mine, serial_shops,
          nicolae_shop_getting_attention
Elf:1:    layout_rooms, serial_shops, shop, minmay_elf_sorcery, uniq_louise
Elf:2:    nicolae_elf_blades_splatter_lattice
          [nicolae_blade_entry_sentries_behind_glass], layout_rooms,
          serial_shops, shop, shop
Elf:3:    elf_hall, layout_loops_cross, serial_shops, shop
Vaults:1: grunt_vaults_hallway_short, hangedman_vaults_pinch,
          grunt_vaults_focal, minmay_orc_keep, nicolae_vaults_tetromino_L_1,
          nicolae_vaults_security_offices_3, v_misc_3,
          nicolae_vaults_sightless_eye, layout_vaults_omnigrid, serial_shops,
          bzr_entry_dummy
Vaults:2: mu_enter_wizlab_6, v_misc_26, grunt_vaults_funnel,
          nicolae_vaults_circle_grid_a, minmay_crypt_entry_simple_round,
          nicolae_vaults_hallways_thing, nicolae_vaults_ring_of_whatevers,
          ontoclasm_vaults_bender, vaults_mumra_minichess,
          nicolae_vaults_house_1, nicolae_vaults_tetromino_Z_2,
          nicolae_vaults_rhombus_5, nicolae_vaults_offset_grid_hallway_3,
          hangedman_vaults_slice, nicolae_vaults_taking_the_gang_shopping,
          vaults_mumra_minichess_inversion, layout_vaults_omnicross,
          serial_shops, nicolae_shop_rolling_square, nicolae_shop_statue_plus,
          nicolae_shop_peninsula, nicolae_shop_back_alley_shop, uniq_saint_roka
Vaults:3: advil_vaults_ghost_lines, v_misc_8,
          nicolae_vaults_trapezoid_lopsided_2, grunt_vaults_hallway_short,
          v_alt_pattern_6, nicolae_vaults_tetromino_T_1,
          nicolae_vaults_little_squares_2, nicolae_vaults_tangram_2,
          nicolae_vaults_shrinking_rooms_1, vaults_room_guarded_vault,
          nicolae_vaults_cochlea, ontoclasm_vaults_pinch,
          nicolae_vaults_wine_cellar, nicolae_vaults_asterisk,
          ontoclasm_vaults_spin, nicolae_vaults_cochlea, hangedman_vaults_nodes,
          nicolae_vaults_trapezoid_lopsided_1, layout_vaults_maze_snakey,
          serial_shops, bzr_entry_water
Vaults:4: v_misc_10, nicolae_vaults_mini_display_case,
          nicolae_vaults_variable_pillar_hall, hangedman_vaults_slice,
          nicolae_vaults_ninety_degrees, hangedman_vaults_nails,
          nicolae_vaults_murderbox, v_pattern_5, vaults_room_ringed_pool,
          v_misc_23, nicolae_vaults_tetromino_T_2, grunt_vaults_bifocal,
          ontoclasm_vaults_ring_square, layout_vaults_omnibox, serial_shops,
          shop
Vaults:5
Crypt:1:  layout_chaotic_city, uniq_xtahua
Crypt:2:  layout_regular_city, small_chamber_with_monster,
          roderic_lattice_octagonal_star, uniq_zenata, uniq_sojobo
Crypt:3:  david_glass_crypt, layout_chaotic_city,
          nicolae_tomb_entry_unfolded_pyramid_diagonal
Depths:1: layout_cave_pools, minmay_misc_feat_iff, grunt_metal_band,
          abyss_entry, dreamdust_wishing_well, nicolae_evil_shop,
          minmay_shop_grove, uniq_nikola
Depths:2: minmay_textured_paths, layout_honeycomb, pf_dread_powers_of_hell,
          pan_entry, minmay_shoptagon, uniq_enchantress, uniq_josephina
Depths:3: nzn_winding_woodlands_small [nzn_winding_woodlands_5x15_jagged,
          nzn_winding_woodlands_center_lodge,
          nzn_winding_woodlands_5x15_zeroes], layout_cave_shapes,
          rand_demon_pan_entry_1, abyss_entry, led_sif_pool,
          hangedman_coc_ice_floe, uniq_mara, uniq_margery
Depths:4: evilmike_zot_entry_hall, layout_gridlike, enter_ziggurat_c,
          abyss_entry, hell_entry, serial_shops, nicolae_shop_crystal,
          kennysheep_flooded_box, trog_three_pillars_becter
Hell
Dis:1:    layout_regular_city
Tar:1:    layout_catacombs
Tar:2:    layout_grid_maze, nicolae_hells_hurtin_island
Tar:3:    layout_cathedral_of_symmetry
Tar:4:    layout_grid_maze
Tar:5:    layout_catacombs
Tar:6:    layout_honeycomb
Tar:7:    tar_mu [tar_mu_maze]
Zot:1:    kennysheep_ambush_hall, layout_concentric_octagons
Zot:2:    layout_gridlike, regret_index_zotdec_ex, nrook_zot_tub,
          grunt_megastairs_5
Zot:3:    layout_cellular_growth, st_stairs_7, st_single_dragon_hoard_2,
          evilmike_ambush [evilmike_ambush_outer_corners,
          evilmike_ambush_inner_basic]
Zot:4:    layout_basic, grunt_megastairs_3
Zot:5:    layout_cathedral_of_symmetry, ebering_ghost_rock_garden

Skill      XL: |  1  2  3  4  5  6  7  8  9 10 11 12 13 14 15 16 17 18 19 20 21 22 23 24 25 26 27 |
---------------+----------------------------------------------------------------------------------+-----
Dodging        | 3 4 5 6 7 8 9 10 11 12 13 14 15 17 18 19 22 26 | 26.7
Fighting       | 3 4 5 6 7 9 10 11 12 14 15 16 17 19 20 21 22 23 24 25 26 27 | 27.0
Long Blades    | 4 5 6 8 9 10 11 13 14 15 16 18 19 20 21 22 23 24 25 26 27 | 27.0
Armour         | 1 2 3 4 5 6 7 8 9 10 13 | 13.5
Invocations    | 1 2 3 4 5 6 7 8 10 11 12 13 17 | 17.7
Throwing       | |  1.7

Action                     |  1- 3 |  4- 6 |  7- 9 | 10-12 | 13-15 | 16-18 | 19-21 | 22-24 | 25-27 || total
---------------------------+-------+-------+-------+-------+-------+-------+-------+-------+-------++-------
  Melee: Long sword        |    84 |    69 |   262 |   952 |   640 |       |       |       |       ||  2007
         Dagger            |    81 |    68 |   247 |   935 |   964 |       |       |       |       ||  2295
         Scimitar          |       |       |       |       |    16 |       |       |       |   176 ||   192
         Falchion          |       |       |       |       |   488 |   746 |   706 |   409 |       ||  2349
         Double sword      |       |       |       |       |   136 |   786 |   725 |   742 |  1570 ||  3959
         Demon blade       |       |       |       |       |       |       |       |   309 |   942 ||  1251
         Eudemon blade     |       |       |       |       |       |       |       |       |   415 ||   415
         Bite              |       |       |       |       |       |       |       |       |   104 ||   104
  Throw: Dart              |       |     2 |       |     2 |    15 |       |       |       |     1 ||    20
         Throwing net      |       |       |       |     3 |     7 |       |     1 |       |       ||    11
         Javelin           |       |       |       |       |     1 |     2 |     1 |    10 |     2 ||    16
 Invoke: Heroism           |       |       |       |    13 |    13 |    11 |    19 |    20 |    22 ||    98
         Finesse           |       |       |       |     5 |     1 |     1 |     6 |     9 |     8 ||    30
         Duel              |       |       |       |       |     1 |     3 |     3 |     2 |       ||     9
         Receive Weapon    |       |       |       |       |     1 |       |       |       |       ||     1
         Receive Armour    |       |       |       |       |     1 |       |       |       |       ||     1
         Cleansing Flame   |       |       |       |       |       |       |       |       |    36 ||    36
         Divine Shield     |       |       |       |       |       |       |       |       |     1 ||     1
         Brand Weapon With |       |       |       |       |       |       |       |       |     1 ||     1
Ability: Invent Gizmo      |       |       |       |       |     1 |       |       |       |       ||     1
  Evoke: Wand              |       |     9 |       |     3 |    16 |       |       |     3 |     5 ||    36
         Lightning rod     |       |       |       |       |       |       |     4 |     4 |       ||     8
    Use: Scroll            |       |       |     8 |    14 |    20 |     8 |     7 |    30 |    13 ||   100
         Potion            |       |       |       |       |     3 |     8 |     7 |     8 |    15 ||    41
   Stab: Sleeping          |     2 |       |       |     5 |       |       |     3 |       |       ||    10
         Invisible         |       |     1 |       |       |       |       |       |    12 |     1 ||    14
         Fleeing           |       |       |       |     1 |       |       |       |       |       ||     1
         Held in net/web   |       |       |       |     6 |     6 |       |     2 |       |       ||    14
         Paralysed         |       |       |       |       |     5 |       |       |       |       ||     5
         Petrified         |       |       |       |       |       |    10 |       |       |       ||    10
         Petrifying        |       |       |       |       |       |     2 |       |       |       ||     2
         Distracted        |       |       |       |       |       |       |       |    17 |    36 ||    53
 Armour: Leather armour    |    61 |       |       |    77 |       |       |       |       |       ||   138
         Chain mail        |     1 |    44 |   235 |   627 |  1131 |   427 |   439 |       |       ||  2904
         Gold dragon scale |       |       |       |       |       |   510 |   179 |   824 |  1755 ||  3268
         Skin              |       |       |       |       |       |       |     1 |       |     1 ||     2
  Dodge: Dodged            |    50 |    19 |   125 |   461 |   899 |   801 |   756 |   577 |  1491 ||  5179
  Block: Other             |       |       |       |       |       |       |       |       |    25 ||    25

Table legend: (Time is in decaauts)
 A = Elapsed time spent in this place.
 B = Non-inter-level travel time spent in this place.
 C = Inter-level travel time spent in this place.
 D = Time resting spent in this place.
 E = Time spent auto-exploring this place.
 F = Levels seen in this place.
 G = Mean time per level.
                   A        B        C        D        E       F      G
               +--------+--------+--------+--------+--------+-----+--------+
         Total |  68817 |  61507 |   7310 |   9174 |  34931 |  82 |  839.2 |
       Dungeon |  16766 |  14035 |   2731 |   1392 |   9092 |  15 | 1117.7 |
        Temple |      1 |      1 |      0 |      0 |      0 |   1 |    1.0 |
          Lair |   4835 |   4106 |    729 |      0 |   3053 |   5 |  967.0 |
        Shoals |   4062 |   3788 |    274 |    604 |   1960 |   4 | 1015.5 |
     Snake Pit |   4033 |   3785 |    248 |    510 |   2362 |   4 | 1008.2 |
    Slime Pits |   4805 |   4535 |    270 |   1024 |   1706 |   5 |  961.0 |
  Orcish Mines |   2891 |   2448 |    443 |    298 |   1185 |   2 | 1445.5 |
   Elven Halls |   3262 |   2934 |    328 |    289 |   1740 |   3 | 1087.3 |
        Vaults |   7322 |   6255 |   1067 |    539 |   3657 |   5 | 1464.4 |
         Crypt |   2885 |   2799 |     86 |    246 |   1916 |   3 |  961.7 |
        Depths |   4637 |   4163 |    474 |    406 |   2964 |   4 | 1159.2 |
          Hell |    987 |    906 |     81 |    314 |    320 |   1 |  987.0 |
           Dis |     13 |     13 |      0 |      0 |      0 |   1 |   13.0 |
      Tartarus |   2308 |   2044 |    264 |    674 |    857 |   7 |  329.7 |
           Zot |   6696 |   6386 |    310 |   1491 |   3433 |   5 | 1339.2 |
         Abyss |    326 |    326 |      0 |      2 |      0 |   3 |  108.7 |
        Bazaar |    149 |    149 |      0 |      0 |     31 |   2 |   74.5 |
      Ice Cave |   1694 |   1694 |      0 |   1171 |    241 |   1 | 1694.0 |
       Volcano |    250 |    250 |      0 |      0 |    188 |   1 |  250.0 |
        Wizlab |    704 |    704 |      0 |    160 |    223 |   1 |  704.0 |
         Arena |    182 |    182 |      0 |     51 |      0 |   9 |   20.2 |
               +--------+--------+--------+--------+--------+-----+--------+

Top non-repeatable levels by time:
   Zot:4: 1968 daAuts
Vaults:5: 1928 daAuts
   Orc:2: 1773 daAuts
   IceCv: 1694 daAuts
Vaults:2: 1612 daAuts
    D:10: 1598 daAuts
     D:6: 1486 daAuts
    D:11: 1471 daAuts
    D:15: 1424 daAuts
    D:13: 1400 daAuts
Vaults:3: 1372 daAuts
Depths:3: 1358 daAuts
   Zot:5: 1346 daAuts
Shoals:4: 1328 daAuts
Depths:4: 1312 daAuts
